 Dungeon Crawl Stone Soup version 0.28.0-1-gb440e238dd (webtiles) character file.

Game seed: 2725526239240436436

135 fragbeetle the Skirmisher (level 4, -14/41 (44) HPs)
             Began as a Minotaur Hunter on Feb 24, 2022.
             Demolished by a wight (18 damage)
             ... on level 3 of the Dungeon.
             The game lasted 00:03:33 (3502 turns).

fragbeetle the Skirmisher (Minotaur Hunter)         Turns: 3502, Time: 00:03:35

HP:   -14/41 (44)   AC:  3    Str: 24    XL:     4   Next: 96%
MP:   3/3           EV: 12    Int:  8    God:
Gold: 145           SH:  0    Dex: 11    Spells: 3/3 levels left

rFire   . . .      SeeInvis .   n - +4 dagger
rCold   . . .      Faith    .   (no shield)
rNeg    . . .      Spirit   .   c - +0 leather armour
rPois   .          Reflect  .   (helmet restricted)
rElec   .          Harm     .   (no cloak)
rCorr   .          Rampage  .   (no gloves)
Will    .....                   (no boots)
Stlth   +.........              (no amulet)
HPRegen 0.13/turn               m - +6 ring of strength
MPRegen 0.08/turn               (no ring)

@: drained
A: horns 2, retaliatory headbutt
a: no special abilities


You were on level 3 of the Dungeon.
You visited 1 branch of the dungeon, and saw 3 of its levels.

You collected 145 gold pieces.

Inventory:

Hand Weapons
 a - a +1 hand crossbow
 n - a +4 dagger (weapon)
Missiles
 d - 33 bolts
Armour
 c - a +0 leather armour (worn)
Jewellery
 m - a +6 ring of strength (left hand)
Scrolls
 b - a scroll of fog {unknown}
 e - 2 scrolls of amnesia {unknown}
 g - a scroll of enchant weapon {unknown}
 h - a scroll of teleportation {unknown}
 j - a scroll of brand weapon {unknown}
 k - a scroll of fear {unknown}
 l - a scroll of identify {unknown}
Potions
 f - a potion of heal wounds {unknown}
 i - 2 potions of curing {unknown}
 o - a potion of brilliance {unknown}


   Skills:
 + Level 6.3 Fighting
 - Level 4.3 Crossbows
 - Level 2.1 Dodging
 - Level 0.7 Stealth


You had 3 spell levels left.
You didn't know any spells.
Your spell library contained the following spells:

 Spells                   Type           Power      Damage    Failure   Level
 Freeze                   Ice            0%         1d3       45%         1
 Frozen Ramparts          Ice            0%         1d2       83%         3
 Hailstorm                Conj/Ice       0%         3d3       99%         4


Dungeon Overview and Level Annotations

Branches:
Dungeon (3/15)

Altars:


Innate Abilities, Weirdness & Mutations

You have a pair of horns on your head.
You reflexively headbutt those who attack you in melee.


Message History

The bat hits you but does no damage.
You hit the bat.
You kill the bat!
No target in view!
Found a falchion.
A goblin comes into view. It is wielding a +0 dagger.
A goblin is nearby!
A goblin is nearby!
The goblin shouts!
A wight comes into view. It is wielding a +2 dire flail.
You hit the goblin.
You kill the goblin!
No target in view!
No target in view!
No target in view!
A wight comes into view. It is wielding a +0 hand axe.
The wight closely misses you.
You hit the wight. Your headbutt misses the wight.
The wight is lightly damaged.
The wight hits you with a +2 dire flail!
You feel drained.
You hit the wight but do no damage.
The wight is lightly damaged.
The wight hits you with a +2 dire flail!
You feel drained.
You hit the wight.
The wight is heavily damaged.
The wight hits you with a +2 dire flail!
* * * LOW HITPOINT WARNING * * *
You hit the wight.
You headbutt the wight, but do no damage.
The wight is severely damaged.
The wight closely misses you.
You hit the wight. You punch the wight.
The wight is almost destroyed.
The wight closely misses you.
You hit the wight.
The wight is almost destroyed.
The wight hits you with a +2 dire flail!!
You die...

.....######..#########.....#
..).## ##.(..######.....#
.....## ####............#
..>...# #######......#
###.#.### ####.....# #.#...#
##........# ###...#..#
##..##.....# ...##..#.#
####..###.....# )..###.#...
##zz@.## ##....# ...#
....#.#..#### .#.... ...#
###.#...## ###..## ...#
#.### ... ...# .. .. ....
#.. ...#. ... ...####. #


You could see 2 wights.

Vanquished Creatures
  3 gnolls (D:2)
  3 adders
  2 worms (D:2)
  2 dart slugs
  4 ball pythons
  8 bats
  5 endoplasms
  A giant cockroach (D:2)
  6 goblins
  7 hobgoblins
  6 jackals (D:1)
  3 quokkas
  5 frilled lizards
  5 kobolds
  5 rats
65 creatures vanquished.

Notes
Turn   | Place    | Note
-------+----------+-------------------------------------------
     0 | D:1      | fragbeetle the Minotaur Hunter began the quest for the Orb.
     0 | D:1      | Reached XP level 1. HP: 18/18 MP: 0/0
    99 | D:1      | Reached skill level 3 in Fighting
   446 | D:1      | Reached XP level 2. HP: 24/26 MP: 1/1
   621 | D:1      | Reached skill level 4 in Fighting
   936 | D:1      | Reached XP level 3. HP: 31/33 MP: 2/2
  1810 | D:2      | Reached skill level 5 in Fighting
  2157 | D:2      | Reached XP level 4. HP: 39/42 MP: 3/3
  2659 | D:2      | Found a faded altar of an unknown god.
  3210 | D:2      | Reached skill level 6 in Fighting
  3502 | D:3      | Demolished by a wight

Illustrated notes

Levels and vault maps discovered:
D:1:      lightli_arrival_lavapool, layout_basic, chequers_mini_garden
D:2:      layout_loops_cross, basic_ecumenical_altar, minmay_box_of_dots
D:3:      layout_rooms, st_stairs_11, hangedman_decor_clover_reticule,
          uniq_terence

Skill      XL: |  1  2  3  4 |
---------------+-------------+-----
Fighting       | 3 4 5 6 |  6.3
Crossbows      | |  4.3
Dodging        | |  2.1
Stealth        | |  0.7

Action                   |  1- 3 |  4- 6 || total
-------------------------+-------+-------++-------
Melee: Short sword       |    81 |       ||    81
       Headbutt          |     9 |    11 ||    20
       Rapier            |    19 |    38 ||    57
       Dagger            |       |    18 ||    18
       Punch             |       |     1 ||     1
 Fire: Hand crossbow     |       |     7 ||     7
Armor: Leather armour    |    29 |     6 ||    35
Dodge: Dodged            |    78 |    38 ||   116
